[Event "ICCopen2016"]
[Site "Internet Chess Club"]
[Date "2016.06.04"]
[Round "7"]
[White "flinkfinger"]
[Black "Barbos"]
[Result "0-1"]
[ICCResult "White resigns"]
[WhiteElo "2170"]
[BlackElo "2553"]
[Opening "English opening"]
[ECO "A30"]
[NIC "EO.48"]
[Time "15:08:45"]
[TimeControl "180+0"]

1. Nf3 Nf6 2. c4 c5 3. Nc3 b6 4. g3 Bb7 5. Bg2 g6 6. O-O Bg7 7. b3 d5 8.
cxd5 Nxd5 9. Bb2 O-O 10. Rc1 Nc6 11. d3 Nc7 12. Qd2 e5 13. Rfd1 Ne6 14. Qe1
Rc8 15. h4 Ba8 16. Kh2 Re8 17. Qh1 Ned4 18. Re1 Nxf3+ 19. Bxf3 h5 20. Ne4
Nd4 21. Bxd4 exd4 22. Ng5 Bh6 23. Bxa8 Bxg5 24. Bb7 Bxc1 25. Bxc8 Qxc8 26.
Rxc1 Rxe2 27. Qf3 Qe6 28. Kg2 Rxa2 29. b4 cxb4 30. Qa8+ Kg7 31. Rc8 Qf6
{White resigns}
0-1

[Event "ICCopen2016"]
[Site "Internet Chess Club"]
[Date "2016.06.04"]
[Round "7"]
[White "LordofSwords"]
[Black "ALexiz"]
[Result "1-0"]
[ICCResult "Black resigns"]
[WhiteElo "2129"]
[BlackElo "1826"]
[Opening "Sicilian: closed"]
[ECO "B24"]
[NIC "SI.44"]
[Time "15:09:24"]
[TimeControl "180+0"]

1. e4 c5 2. Nc3 Nc6 3. g3 g6 4. Bg2 Bg7 5. d3 e6 6. Be3 d6 7. Qd2 Nge7 8.
Bh6 O-O 9. h4 Re8 10. h5 Bh8 11. hxg6 fxg6 12. Nf3 Nd4 13. Ng5 Nec6 14. Nxh7
Ne5 15. O-O-O Qa5 16. Bg5 Nef3 17. Qf4 e5 18. Nf6+ Bxf6 19. Qxf6 {Black
resigns} 1-0

[Event "ICCopen2016"]
[Site "Internet Chess Club"]
[Date "2016.06.04"]
[Round "7"]
[White "danvenez"]
[Black "Dare-Dare"]
[Result "0-1"]
[ICCResult "White resigns"]
[WhiteElo "1541"]
[BlackElo "1885"]
[Opening "Queen's pawn"]
[ECO "A40"]
[NIC "QO.17"]
[Time "15:09:14"]
[TimeControl "180+0"]

1. d4 e6 2. Nf3 f5 3. c3 Nf6 4. Bg5 d5 5. h4 Bd6 6. Qb3 O-O 7. Nbd2 c6 8.
Ne5 Nbd7 9. Ndf3 Qc7 10. Bf4 Nh5 11. Bh2 f4 12. Nxd7 Bxd7 13. O-O-O b6 14.
Qc2 a5 15. Ng5 Nf6 16. h5 h6 17. Nf3 b5 18. g4 fxg3 19. Bxg3 Bxg3 20. fxg3
Qxg3 21. Bh3 Qf4+ 22. Qd2 Qxd2+ 23. Rxd2 Ne4 24. Rd3 Nf2 25. Rdd1 Nxd1 26.
Kxd1 Rxf3 27. exf3 Rf8 28. Ke2 Kf7 29. Rg1 Kf6 30. Bg4 Be8 31. Ke3 Rf7 32.
Rc1 Re7 33. b3 e5 34. dxe5+ Rxe5+ 35. Kd3 Bxh5 36. Bd7 Bxf3 37. Bxc6 b4 38.
cxb4 axb4 39. Bb5 Be2+ 40. Kd4 Bxb5 41. Rc5 Be2 42. Rc6+ Kf5 43. Rc2 Bg4 44.
Rf2+ Ke6 45. Rf8 Re4+ 46. Kc5 h5 47. Re8+ Kf5 48. Rf8+ Ke5 49. Re8+ Kf4 50.
Kxd5 Rxe8 {White resigns} 0-1

[Event "ICCopen2016"]
[Site "Internet Chess Club"]
[Date "2016.06.04"]
[Round "7"]
[White "Chess64"]
[Black "kaimann"]
[Result "0-1"]
[ICCResult "White resigns"]
[WhiteElo "1754"]
[BlackElo "1993"]
[Opening "Old Indian: Tartakower (Wade) variation"]
[ECO "A41"]
[NIC "QO.17"]
[Time "15:09:30"]
[TimeControl "180+0"]

1. d4 d6 2. Nf3 Bg4 3. Bf4 Nd7 4. e3 e5 5. dxe5 dxe5 6. Bg3 e4 7. h3 Bh5 8.
Qd5 Ngf6 9. Qxb7 exf3 10. Nc3 Bd6 11. Bxd6 cxd6 12. g4 Bg6 13. O-O-O O-O 14.
Qxf3 Nc5 15. Bc4 Nfe4 16. Nd5 Ng5 17. Qg3 Be4 18. Rhf1 Bf3 19. Rd2 Nce4 20.
Qh4 Nxd2 21. Kxd2 Ne4+ 22. Kc1 Qxh4 {White resigns} 0-1

[Event "ICCopen2016"]
[Site "Internet Chess Club"]
[Date "2016.06.04"]
[Round "7"]
[White "SuperGMBobbyF"]
[Black "kabindra"]
[Result "0-1"]
[ICCResult "White resigns"]
[WhiteElo "1235"]
[BlackElo "1633"]
[Opening "Petrov three knights game"]
[ECO "C26"]
[NIC "VG.04"]
[Time "15:09:05"]
[TimeControl "180+0"]

1. e4 e5 2. Nc3 Nf6 3. Nf3 d6 4. Bc4 Be7 5. O-O O-O 6. h3 c6 7. d3 b5 8. Bb3
b4 9. Ne2 a5 10. a3 c5 11. c4 Nc6 12. Be3 Be6 13. Ng3 h6 14. Qc1 Nh7 15. Nf5
Bxf5 16. exf5 Bf6 17. Rb1 Nd4 18. Nxd4 cxd4 19. Bd2 Ng5 20. Bd1 e4 21. dxe4
Nxe4 22. Bc2 Nxd2 23. Qxd2 Bg5 24. Qxd4 Bf6 25. Qe3 Re8 26. Qf3 Qc7 27. axb4
Qxc4 28. Be4 Rxe4 29. Rbc1 Qd5 30. Rfe1 Rxe1+ 31. Rxe1 Qxf3 32. gxf3 Kf8 33.
b5 Rb8 34. b6 Rxb6 35. Re2 Rxb2 36. Rxb2 Bxb2 37. Kg2 a4 {White resigns} 0-1

[Event "ICCopen2016"]
[Site "Internet Chess Club"]
[Date "2016.06.04"]
[Round "7"]
[White "bennywins"]
[Black "bullbuffalo"]
[Result "0-1"]
[ICCResult "White checkmated"]
[WhiteElo "1230"]
[BlackElo "1307"]
[Opening "Queen's pawn"]
[ECO "A40"]
[NIC "QO.17"]
[Time "15:09:13"]
[TimeControl "180+0"]

1. d4 e6 2. c4 c5 3. Nf3 cxd4 4. Nxd4 a6 5. Nc3 b6 6. e4 Bb7 7. f3 Be7 8.
Be3 h6 9. Bd3 Nc6 10. Nxc6 Bxc6 11. O-O Nf6 12. Qb3 Rb8 13. a3 Qc7 14. f4
Ng4 15. Bd4 f6 16. h3 h5 17. hxg4 hxg4 18. e5 fxe5 19. Bxe5 Bc5+ 20. Rf2 Qd8
21. Bxb8 Rh1+ 22. Kxh1 Qh4+ 23. Kg1 Qxf2+ 24. Kh1 Qxg2# {White checkmated}
0-1

[Event "ICCopen2016"]
[Site "Internet Chess Club"]
[Date "2016.06.04"]
[Round "7"]
[White "DukeBishop"]
[Black "jupitor1"]
[Result "1-0"]
[ICCResult "Black resigns"]
[WhiteElo "1606"]
[BlackElo "940"]
[Opening "Philidor's defense"]
[ECO "C41"]
[NIC "KP.08"]
[Time "15:08:43"]
[TimeControl "180+0"]

1. e4 e5 2. Nf3 d6 3. d4 Qe7 4. Nc3 Nc6 5. Bb5 Bd7 6. Nd5 Qd8 7. O-O Nf6 8.
Re1 Nxd5 9. exd5 Ne7 10. Bxd7+ Qxd7 11. dxe5 Qd8 12. c4 g6 13. Bg5 h6 14.
Bf6 Rg8 15. Qd2 Bg7 16. Bxe7 Qxe7 17. exd6 Qxe1+ 18. Rxe1+ Kd7 19. dxc7 Kxc7
20. Re7+ Kc8 21. Qb4 Rb8 22. Qc5+ {Black resigns} 1-0

[Event "ICCopen2016"]
[Site "Internet Chess Club"]
[Date "2016.06.04"]
[Round "7"]
[White "Tova77"]
[Black "ShadowLike"]
[Result "0-1"]
[ICCResult "White resigns"]
[WhiteElo "1635"]
[BlackElo "1949"]
[Opening "Ruy Lopez: Schliemann defense"]
[ECO "C63"]
[NIC "RL.06"]
[Time "15:09:39"]
[TimeControl "180+0"]

1. e4 e5 2. Nf3 Nc6 3. Bb5 f5 4. d3 fxe4 5. dxe4 Nf6 6. Nc3 Bb4 7. Qe2 Bxc3+
8. bxc3 O-O 9. O-O d6 10. Qc4+ Kh8 11. Bxc6 bxc6 12. Qxc6 Bd7 13. Qc4 Rb8
14. Bg5 Bb5 15. Qe6 Bxf1 16. Kxf1 Qe8 17. Qc4 Qb5 18. Qxb5 Rxb5 19. Nh4 Nxe4
20. Be3 Nxc3 21. a4 Rb1+ 22. Rxb1 Nxb1 23. Bxa7 Ra8 24. Be3 Rxa4 25. Nf5 Nc3
26. Ne7 Ra1+ {White resigns} 0-1

[Event "ICCopen2016"]
[Site "Internet Chess Club"]
[Date "2016.06.04"]
[Round "7"]
[White "ELVIS71"]
[Black "zloco"]
[Result "0-1"]
[ICCResult "White resigns"]
[WhiteElo "1687"]
[BlackElo "2333"]
[Opening "Sicilian: closed"]
[ECO "B25"]
[NIC "SI.45"]
[Time "15:10:28"]
[TimeControl "180+0"]

1. e4 c5 2. Nc3 g6 3. g3 Bg7 4. Bg2 Nc6 5. d3 d6 6. Nge2 Rb8 7. O-O e6 8.
Be3 Nd4 9. Qd2 Ne7 10. Nd1 O-O 11. c3 Nxe2+ 12. Qxe2 b5 13. Qd2 b4 14. Bh6
Qa5 15. Bxg7 Kxg7 16. Ne3 bxc3 17. Qxc3+ Qxc3 18. bxc3 Ba6 19. c4 Nc6 20.
Rab1 Nd4 21. Rfc1 Ne2+ 22. Kf1 Nxc1 23. Rxc1 Rb2 24. Rc2 Rfb8 {White
resigns} 0-1

[Event "ICCopen2016"]
[Site "Internet Chess Club"]
[Date "2016.06.04"]
[Round "7"]
[White "FootDoc"]
[Black "JUGGERNOT"]
[Result "1-0"]
[ICCResult "Black checkmated"]
[WhiteElo "1601"]
[BlackElo "1788"]
[Opening "Bird's opening"]
[ECO "A03"]
[NIC "VO.07"]
[Time "15:10:11"]
[TimeControl "180+0"]

1. f4 d5 2. Nf3 Bf5 3. e3 Nc6 4. Be2 e6 5. O-O Nf6 6. d3 Be7 7. Qe1 O-O 8.
Nc3 a6 9. Qg3 Kh8 10. Qf2 Rg8 11. h3 Qd7 12. g4 Bg6 13. Nh2 h6 14. h4 Bh7
15. g5 hxg5 16. hxg5 Ne8 17. Qh4 g6 18. Ng4 Ng7 19. Kg2 Nf5 20. Qh3 Kg7 21.
e4 dxe4 22. dxe4 Nfd4 23. Qh6+ Kh8 24. Rh1 Rg7 25. Nf6 Nxe2 26. Qxh7+ Rxh7
27. Rxh7# {Black checkmated} 1-0

[Event "ICCopen2016"]
[Site "Internet Chess Club"]
[Date "2016.06.04"]
[Round "7"]
[White "HouseOfFun"]
[Black "VerdeNotte"]
[Result "1-0"]
[ICCResult "Black resigns"]
[WhiteElo "2466"]
[BlackElo "2792"]
[Opening "English opening"]
[ECO "A10"]
[NIC "EO.64"]
[Time "15:08:51"]
[TimeControl "180+0"]

1. c4 g6 2. g3 Bg7 3. Bg2 d6 4. e3 Nf6 5. Ne2 O-O 6. O-O e5 7. d4 Nbd7 8. b3
Qe7 9. Bb2 c6 10. Nbc3 Rd8 11. Qd2 Nf8 12. Rad1 Bg4 13. h3 Bxe2 14. Nxe2 e4
15. d5 c5 16. Nc3 N8d7 17. Qc2 Re8 18. Rfe1 a6 19. Rd2 h5 20. Rdd1 b5 21.
cxb5 axb5 22. Nxb5 Rxa2 23. Bxf6 Rxc2 24. Bxe7 Rxe7 25. Nxd6 f5 26. Nc4 Bc3
27. Rc1 Bxe1 28. Rxc2 Bb4 29. Ra2 Kf8 30. Bf1 Re8 31. Ra7 Ne5 32. Nd6 Rd8
33. Ra6 Ke7 34. Nxf5+ gxf5 35. Re6+ Kf7 36. Rxe5 Kf6 37. Re6+ Kf7 38. Bc4
Re8 39. Rh6 Kg7 40. Rxh5 Kg6 41. g4 fxg4 42. hxg4 Bc3 43. Rf5 Bf6 44. Kg2
Re5 45. Rf4 Bg5 46. Rxe4 Be7 47. Rxe5 {Black resigns} 1-0

[Event "ICCopen2016"]
[Site "Internet Chess Club"]
[Date "2016.06.04"]
[Round "7"]
[White "RonJB"]
[Black "ncc-1701"]
[Result "0-1"]
[ICCResult "White resigns"]
[WhiteElo "1657"]
[BlackElo "1942"]
[Opening "Trompowsky attack (Ruth, Opocenský opening)"]
[ECO "A45"]
[NIC "QP.07"]
[Time "15:10:11"]
[TimeControl "180+0"]

1. d4 Nf6 2. Bg5 e6 3. e3 c5 4. c3 d5 5. Nd2 Nc6 6. Ngf3 Be7 7. Bd3 O-O 8.
O-O h6 9. Bh4 Qc7 10. Rc1 Bd6 11. Bg3 Bxg3 12. hxg3 e5 13. dxc5 e4 14. Nd4
exd3 15. N2f3 Bg4 16. Qxd3 Bxf3 17. gxf3 Ne5 18. Qf5 Ng6 19. b4 Rfe8 20. a4
Re5 21. Qd3 Rh5 22. Nb5 Qd7 23. g4 Nxg4 24. f4 N4e5 {White resigns} 0-1

[Event "ICCopen2016"]
[Site "Internet Chess Club"]
[Date "2016.06.04"]
[Round "7"]
[White "DaveyJones"]
[Black "daskapitallesen"]
[Result "0-1"]
[ICCResult "White resigns"]
[WhiteElo "1512"]
[BlackElo "1771"]
[Opening "English, Kramnik-Shirov counterattack"]
[ECO "A21"]
[NIC "EO.23"]
[Time "15:09:17"]
[TimeControl "180+0"]

1. c4 e5 2. Nc3 Bb4 3. Nd5 Bc5 4. e3 c6 5. Nc3 Qe7 6. Nf3 d6 7. Be2 Nf6 8.
d3 O-O 9. O-O Be6 10. Ng5 Bf5 11. e4 Bg6 12. Nf3 Nbd7 13. Be3 a5 14. Bxc5
Nxc5 15. b3 Ne6 16. Qd2 Rfd8 17. Nh4 Nf4 18. Nxg6 Nxg6 19. g3 d5 20. cxd5
cxd5 21. exd5 Nxd5 22. Bf3 Nxc3 23. Qc2 Nd5 24. Rae1 Nb4 25. Qb2 Nxd3
{White resigns}
0-1

[Event "ICCopen2016"]
[Site "Internet Chess Club"]
[Date "2016.06.04"]
[Round "7"]
[White "xvannix"]
[Black "Cafka36"]
[Result "1-0"]
[ICCResult "Black resigns"]
[WhiteElo "1726"]
[BlackElo "1198"]
[Opening "Queen's pawn game, Rubinstein (Colle-Zukertort) variation"]
[ECO "D05"]
[NIC "QP.06"]
[Time "15:09:46"]
[TimeControl "180+0"]

1. d4 Nf6 2. Nf3 e6 3. e3 d5 4. Bd3 c5 5. b3 a6 6. Bb2 b5 7. c4 bxc4 8. bxc4
cxd4 9. exd4 dxc4 10. Bxc4 Bd7 11. O-O Bd6 12. Ne5 O-O 13. Nd2 Bb5 14. Qf3
Bxe5 15. dxe5 Bxc4 16. Nxc4 Nd5 17. Nd2 Nc6 18. Ne4 Rb8 19. Rab1 Ncb4 20.
Nf6+ Nxf6 21. exf6 gxf6 22. Bxf6 Qd3 23. Qg4+ Qg6 24. Rxb4 Rxb4 25. Qxb4
Qxf6 26. Re1 Kh8 27. h3 Rg8 28. Re3 Qa1+ 29. Kh2 Qe5+ 30. Rxe5 {Black
resigns} 1-0

[Event "ICCopen2016"]
[Site "Internet Chess Club"]
[Date "2016.06.04"]
[Round "7"]
[White "akibael"]
[Black "TRADE"]
[Result "0-1"]
[ICCResult "White resigns"]
[WhiteElo "2255"]
[BlackElo "2728"]
[Opening "Réti opening"]
[ECO "A30"]
[NIC "QP.10"]
[Time "15:09:16"]
[TimeControl "180+0"]

1. Nf3 c5 2. c4 Nc6 3. Nc3 e5 4. g3 g6 5. Bg2 d6 6. O-O Bg7 7. d3 Nge7 8. a3
O-O 9. Rb1 a5 10. Ne1 Be6 11. Nc2 d5 12. cxd5 Nxd5 13. Bd2 a4 14. Ne3 Nb6
15. Ne4 Bb3 16. Qc1 Nd4 17. Re1 Rc8 18. Nc4 Nxc4 19. dxc4 Ba2 20. Bg5 f6 21.
Be3 Bxb1 22. Qxb1 f5 23. Nc3 e4 24. Nxa4 Qa5 25. Nc3 Rfd8 26. Nd5 Kh8 27. h4
b5 28. b4 Qxa3 29. bxc5 bxc4 30. h5 Rxd5 31. Qb7 Qxc5 32. h6 Bf6 33. g4 Qc6
34. Qf7 Rd7 {White resigns} 0-1

[Event "ICCopen2016"]
[Site "Internet Chess Club"]
[Date "2016.06.04"]
[Round "7"]
[White "hgarjur"]
[Black "gonesailing"]
[Result "0-1"]
[ICCResult "White checkmated"]
[WhiteElo "1882"]
[BlackElo "1665"]
[Opening "Caro-Kann: Steinitz variation"]
[ECO "B17"]
[NIC "CK.02"]
[Time "15:10:23"]
[TimeControl "180+0"]

1. e4 c6 2. d4 d5 3. Nd2 dxe4 4. Nxe4 Nd7 5. Bd3 Ngf6 6. Ne2 Nxe4 7. Bxe4
Nf6 8. Bf3 Bf5 9. c3 e6 10. Bg5 Be7 11. Ng3 Bg6 12. h4 h6 13. Bd2 Qb6 14.
Qb3 Qxb3 15. axb3 a6 16. Ne2 Nd5 17. Nf4 Nxf4 18. Bxf4 Bd3 19. Kd2 Bh7 20.
Ke3 O-O 21. g4 c5 22. g5 cxd4+ 23. cxd4 hxg5 24. hxg5 Bg6 25. Bxb7 Rab8 26.
Bxb8 Rxb8 27. Bxa6 Rxb3+ 28. Kf4 Bd6+ 29. Kg4 Bf5+ 30. Kh5 g6+ 31. Kh6 Bf8#
{White checkmated}
0-1

[Event "ICCopen2016"]
[Site "Internet Chess Club"]
[Date "2016.06.04"]
[Round "7"]
[White "nikenwidiartto"]
[Black "AttackSparrow"]
[Result "0-1"]
[ICCResult "White resigns"]
[WhiteElo "1852"]
[BlackElo "2307"]
[Opening "Sicilian: closed"]
[ECO "B23"]
[NIC "SI.44"]
[Time "15:09:33"]
[TimeControl "180+0"]

1. e4 c5 2. Nc3 e6 3. f4 Nc6 4. Nf3 Nf6 5. d4 cxd4 6. Nxd4 Bb4 7. e5 Nd5 8.
Nxc6 bxc6 9. Bd2 Bxc3 10. Bxc3 Nxc3 11. bxc3 Qa5 12. Qd2 O-O 13. Bd3 Qc5 14.
Rd1 a5 15. Be4 Ba6 16. Qd4 Qa3 17. Qxd7 Qxc3+ 18. Kf2 Bb5 19. Qd4 Qa3 20.
Rhe1 g6 21. Kg1 Rfd8 22. Qxd8+ Rxd8 23. Rxd8+ Kg7 24. Red1 Qe3+ 25. Kh1 Qxe4
26. R8d4 Qxc2 27. f5 Qxf5 {White resigns} 0-1

[Event "ICCopen2016"]
[Site "Internet Chess Club"]
[Date "2016.06.04"]
[Round "7"]
[White "zelog"]
[Black "Heinichess"]
[Result "1-0"]
[ICCResult "Black checkmated"]
[WhiteElo "2097"]
[BlackElo "1838"]
[Opening "English opening"]
[ECO "A20"]
[NIC "EO.24"]
[Time "15:09:09"]
[TimeControl "180+0"]

1. c4 e5 2. g3 Nf6 3. Bg2 Nc6 4. Nf3 Bc5 5. O-O d6 6. Nc3 O-O 7. d3 Be6 8.
Bg5 h6 9. Bxf6 Qxf6 10. a3 a5 11. Rb1 Qd8 12. Ne1 Qd7 13. Nc2 Bh3 14. b4
Bxg2 15. Kxg2 axb4 16. axb4 Bb6 17. Nd5 Ba7 18. b5 Nd4 19. b6 Bxb6 20. Nxb6
cxb6 21. Rxb6 Ra2 22. Nxd4 exd4 23. Re1 Rfa8 24. Qb3 R8a3 25. Qb5 Qe6 26.
Rxb7 Rxe2 27. Rb8+ Kh7 28. Rxe2 Qxe2 29. Qf5+ g6 30. Qxf7# {Black
checkmated} 1-0

[Event "ICCopen2016"]
[Site "Internet Chess Club"]
[Date "2016.06.04"]
[Round "7"]
[White "ChAn"]
[Black "hipopotamos"]
[Result "0-1"]
[ICCResult "White resigns"]
[WhiteElo "1460"]
[BlackElo "1113"]
[Opening "Ruy Lopez: Berlin defense"]
[ECO "C65"]
[NIC "RL.07"]
[Time "15:10:18"]
[TimeControl "180+0"]

1. e4 e5 2. Nf3 Nc6 3. Bb5 Nf6 4. Bxc6 bxc6 5. d3 d6 6. Bg5 Be7 7. O-O Bg4
8. h3 Bh5 9. c3 O-O 10. Nbd2 Rb8 11. Qc2 c5 12. d4 cxd4 13. cxd4 exd4 14.
Nxd4 Qd7 15. Nc6 Rb5 16. Nxe7+ Qxe7 17. Rac1 Rxg5 18. g4 Bg6 19. f4 Ra5 20.
f5 Bxf5 21. exf5 Qe3+ 22. Kh2 Rxa2 23. Rf3 Qd4 24. Qc3 Qd5 25. Qc4 Qxd2+
{White resigns}
0-1

[Event "ICCopen2016"]
[Site "Internet Chess Club"]
[Date "2016.06.04"]
[Round "7"]
[White "K4"]
[Black "ponte2"]
[Result "0-1"]
[ICCResult "White resigns"]
[WhiteElo "1293"]
[BlackElo "1340"]
[Opening "Queen's pawn"]
[ECO "A40"]
[NIC "QO.17"]
[Time "15:10:15"]
[TimeControl "180+0"]

1. d4 e6 2. e3 f5 3. Bd3 Nf6 4. f4 b6 5. Nf3 Bb7 6. Nbd2 Be7 7. O-O O-O 8.
Qe1 h6 9. Ne5 Qe8 10. Rf3 Ne4 11. Bxe4 fxe4 12. Rf1 d6 13. Ng4 Nd7 14. Nf2
d5 15. c4 Ba6 16. Qd1 Nf6 17. Re1 b5 18. cxb5 Bxb5 19. Nb3 Nd7 20. Bd2 Bh4
21. g3 Be7 22. Qg4 Qf7 23. Rec1 Rac8 24. Nh3 Nf6 25. Qe2 Bxe2 {White
resigns} 0-1

[Event "ICCopen2016"]
[Site "Internet Chess Club"]
[Date "2016.06.04"]
[Round "7"]
[White "El-Kaiser"]
[Black "Last7Samurai"]
[Result "0-1"]
[ICCResult "White resigns"]
[WhiteElo "2415"]
[BlackElo "2789"]
[Opening "QGD semi-Slav: Meran, Wade variation"]
[ECO "D47"]
[NIC "SL.09"]
[Time "15:08:57"]
[TimeControl "180+0"]

1. d4 d5 2. c4 c6 3. Nf3 Nf6 4. Nc3 e6 5. e3 Nbd7 6. Bd3 dxc4 7. Bxc4 b5 8.
Bd3 Bb7 9. e4 b4 10. Na4 c5 11. dxc5 Bxc5 12. Qe2 e5 13. O-O O-O 14. Bg5 Be7
15. Rac1 h6 16. Bxf6 Nxf6 17. Nxe5 Qa5 18. Bb5 Rac8 19. Nc6 Bxc6 20. Bxc6
Rxc6 21. Rxc6 Qxa4 22. Rc7 Bd6 23. Rb7 Re8 24. Qc4 Rf8 25. f4 Ng4 26. Qd5
Ne3 27. Qxd6 Qc2 28. Rf2 Qc1+ {White resigns} 0-1

[Event "ICCopen2016"]
[Site "Internet Chess Club"]
[Date "2016.06.04"]
[Round "7"]
[White "atilycsy"]
[Black "jbrongkos"]
[Result "0-1"]
[ICCResult "White checkmated"]
[WhiteElo "1579"]
[BlackElo "1819"]
[Opening "QGD: semi-Slav"]
[ECO "D10"]
[NIC "SL.06"]
[Time "15:09:11"]
[TimeControl "180+0"]

1. d4 d5 2. c4 c6 3. Nc3 e6 4. Nf3 f5 5. g3 Bd6 6. Bg2 Nf6 7. O-O O-O 8. Bf4
Bxf4 9. gxf4 Nbd7 10. Ne5 Ne4 11. f3 Nxc3 12. bxc3 g5 13. e3 gxf4 14. exf4
Qh4 15. Qd2 Nf6 16. Rae1 Nh5 17. Nd3 Rf6 18. Qf2 Qxf2+ 19. Rxf2 Rg6 20. cxd5
cxd5 21. Kh1 b6 22. Rfe2 Ba6 23. Re3 Bxd3 24. Rxd3 Rxg2 25. Kxg2 Nxf4+ 26.
Kg3 Nxd3 27. Rxe6 Kf7 28. Rh6 Rg8+ 29. Kh3 Nf4+ 30. Kh4 Rg2 31. Rxh7+ Kg6
32. Rxa7 Kf6 33. Ra6 Rb2 34. a4 Ng6+ 35. Kg3 f4+ 36. Kh3 Kf5 37. Ra8 Ne7 38.
Rf8+ Kg5 39. Rf7 Nf5 40. Rf8 Kg6 41. Rg8+ Ng7 42. Rb8 Kf6 43. a5 Ne6 44.
axb6 Kf5 45. b7 Ng5+ 46. Kh4 Rxh2# {White checkmated} 0-1

[Event "ICCopen2016"]
[Site "Internet Chess Club"]
[Date "2016.06.04"]
[Round "7"]
[White "RobbieWilliams"]
[Black "dwibs"]
[Result "1-0"]
[ICCResult "Black checkmated"]
[WhiteElo "1791"]
[BlackElo "1571"]
[Opening "Queen's pawn game"]
[ECO "A45"]
[NIC "QP.07"]
[Time "15:09:21"]
[TimeControl "180+0"]

1. d4 Nf6 2. e3 e6 3. f4 b6 4. Nf3 Bb7 5. Bd3 Be7 6. Nbd2 O-O 7. c3 c5 8.
O-O cxd4 9. exd4 d6 10. Qe2 Re8 11. Ne4 Nxe4 12. Bxe4 Bxe4 13. Qxe4 Nd7 14.
Ng5 Nf6 15. Qd3 h6 16. Ne4 Nxe4 17. Qxe4 Qc7 18. Rf3 e5 19. fxe5 dxe5 20.
Rg3 exd4 21. Bxh6 Bf6 22. Qg4 g6 23. Rf1 Bg7 24. Bxg7 Kxg7 25. h4 Qc8 26.
Qxd4+ Kg8 27. h5 Re6 28. Qf4 Qc5+ 29. Kh1 Qxh5+ 30. Rh3 Qf5 31. Qc4 Qc5 32.
Qh4 Qh5 33. Qf4 Qf5 34. Qc1 Qc5 35. Qh6 Qe5 36. Qh7+ Kf8 37. Qxf7#
{Black checkmated}
1-0

[Event "ICCopen2016"]
[Site "Internet Chess Club"]
[Date "2016.06.04"]
[Round "7"]
[White "PawnTerminator"]
[Black "Baltimora"]
[Result "0-1"]
[ICCResult "White resigns"]
[WhiteElo "1641"]
[BlackElo "2263"]
[Opening "Polish: Outflank variation"]
[ECO "A00"]
[NIC "VO.10"]
[Time "15:09:46"]
[TimeControl "180+0"]

1. b4 c6 2. Bb2 a5 3. a3 axb4 4. axb4 Rxa1 5. Bxa1 Qb6 6. c3 d5 7. e3 Bf5 8.
Bb2 Nf6 9. Ne2 e5 10. Ng3 Bg6 11. Be2 Nbd7 12. O-O Bd6 13. d4 exd4 14. exd4
O-O 15. Nd2 Re8 16. Nf3 Qc7 17. Nh4 Nf8 18. Nxg6 hxg6 19. Bd3 Ne6 20. Bc1
Bf4 21. Bxf4 Nxf4 22. Bc2 Qd7 23. Re1 Rxe1+ 24. Qxe1 Qg4 25. h3 Qg5 26. Qe7
Ne4 27. Qxg5 Nxg5 28. Kf1 Kf8 29. Ne2 Nxe2 30. Kxe2 Ke7 31. h4 Ne6 32. g3 g5
33. h5 Kf6 34. g4 Nf4+ 35. Kf3 g6 36. hxg6 fxg6 37. Ke3 Ng2+ 38. Kf3 Ne1+
{White resigns}
0-1

[Event "ICCopen2016"]
[Site "Internet Chess Club"]
[Date "2016.06.04"]
[Round "7"]
[White "awesome5123"]
[Black "chadvalley"]
[Result "1-0"]
[ICCResult "Black resigns"]
[WhiteElo "1645"]
[BlackElo "1252"]
[Opening "Philidor: exchange variation"]
[ECO "C41"]
[NIC "KP.08"]
[Time "15:09:07"]
[TimeControl "180+0"]

1. e4 e5 2. Nf3 d6 3. d4 exd4 4. Nxd4 Nf6 5. Nc3 Be7 6. Be3 O-O 7. f3 Bd7 8.
h4 Nc6 9. h5 Nxd4 10. Bxd4 c5 11. Be3 Bc6 12. h6 g6 13. Qd2 b5 14. Nxb5 Bxb5
15. Bxb5 a6 16. Bc4 Qb6 17. Bb3 a5 18. a4 Qb4 19. Qxb4 axb4 20. Kf2 Nd7 21.
Rhd1 Ne5 22. Rd5 Rfd8 23. Bf4 Bf6 24. Bxe5 Bxe5 25. Rad1 Ra6 26. g3 Bd4+ 27.
Ke2 Bxb2 28. f4 Bd4 29. Kf3 Re8 30. Re1 f6 31. g4 Kf7 32. f5 g5 33. Rxd4+
Ke7 34. Rd5 Kd7 35. Red1 Re5 36. Rxe5 fxe5 37. Rd5 Rc6 38. Ke3 c4 39. Ba2 b3
40. cxb3 cxb3 41. Bxb3 Rc3+ 42. Rd3 Rc5 43. Be6+ Kc7 44. Rb3 {Black resigns}
1-0

[Event "ICCopen2016"]
[Site "Internet Chess Club"]
[Date "2016.06.04"]
[Round "7"]
[White "panom"]
[Black "thenowtime"]
[Result "1-0"]
[ICCResult "Black checkmated"]
[WhiteElo "1683"]
[BlackElo "1936"]
[Opening "Sicilian: Labourdonnais-Löwenthal (Kalashnikov) variation"]
[ECO "B32"]
[NIC "SI.32"]
[Time "15:09:00"]
[TimeControl "180+0"]

1. e4 c5 2. Nf3 Nc6 3. d4 cxd4 4. Nxd4 e5 5. Nb5 d6 6. N1c3 a6 7. Na3 b5 8.
Nd5 Be6 9. c4 b4 10. Nc2 a5 11. Nce3 Nf6 12. Be2 Be7 13. O-O O-O 14. Ng4 Nd4
15. Ngxf6+ Bxf6 16. Be3 Nc6 17. Bg4 Bxd5 18. exd5 Ne7 19. Qd2 Re8 20. b3 g6
21. Rfd1 Bg7 22. Bh6 f5 23. Bxg7 Kxg7 24. Be2 Rf8 25. Qb2 Kg8 26. c5 dxc5
27. Qxe5 Nc8 28. Bc4 Nd6 29. Re1 Re8 30. Qf4 Qf6 31. Rad1 Kg7 32. Re6 Rxe6
33. dxe6 Ne4 34. Rd7+ Kh8 35. h3 g5 36. Qc7 Qg6 37. Rd8+ Rxd8 38. Qxd8+ Kg7
39. e7 Nf6 40. Qf8# {Black checkmated} 1-0

[Event "ICCopen2016"]
[Site "Internet Chess Club"]
[Date "2016.06.04"]
[Round "7"]
[White "jc-arias"]
[Black "Koval"]
[Result "1-0"]
[ICCResult "Black resigns"]
[WhiteElo "2149"]
[BlackElo "1885"]
[Opening "French: Tarrasch, closed variation, main line"]
[ECO "C06"]
[NIC "FR.17"]
[Time "15:09:40"]
[TimeControl "180+0"]

1. e4 e6 2. d4 d5 3. Nd2 Nf6 4. e5 Nfd7 5. Bd3 c5 6. c3 Nc6 7. Ne2 cxd4 8.
cxd4 Qb6 9. Nf3 f6 10. exf6 Nxf6 11. O-O Bd6 12. Bf4 Bxf4 13. Nxf4 O-O 14.
Qd2 Ne4 15. Qe3 Qxb2 16. Bxe4 dxe4 17. Qxe4 Qb5 18. Nxe6 Bxe6 19. Qxe6+ Kh8
20. d5 Rae8 21. Rab1 Qa4 22. Qd7 Re7 23. Qd6 Rd8 24. Qc5 Rf7 25. dxc6 Qg4
26. Qg5 {Black resigns} 1-0

[Event "ICCopen2016"]
[Site "Internet Chess Club"]
[Date "2016.06.04"]
[Round "7"]
[White "Bozhenka"]
[Black "Anarchy"]
[Result "1/2-1/2"]
[ICCResult "Game drawn by mutual agreement"]
[WhiteElo "2950"]
[BlackElo "2836"]
[Opening "King's Indian: 3.g3"]
[ECO "E60"]
[NIC "KI.80"]
[Time "15:08:41"]
[TimeControl "180+0"]

1. d4 Nf6 2. c4 g6 3. g3 c6 4. Bg2 d5 5. b3 Bg7 6. Bb2 O-O 7. Nf3 a5 8. Nc3
Ne4 9. O-O Bf5 10. e3 Nxc3 11. Bxc3 a4 12. Nd2 Re8 13. bxa4 Bd3 14. Re1 dxc4
15. Bf1 Bxf1 16. Rxf1 Qd5 17. e4 Qe6 18. Rb1 Rd8 19. Re1 Bxd4 20. Qc2 Bxc3
21. Qxc3 Rxa4 22. Rxb7 Na6 23. Qc2 Nc5 24. Rb6 Rda8 25. Rf1 h5 26. h4 Rxa2
27. Qxc4 Rxd2 28. Qxc5 Qxe4 29. Qxc6 Qxc6 30. Rxc6 Raa2 31. Rc3 Kg7 32. Re3
Kf6 33. Rf3+ Kg7 34. Re1 e6 35. Rc1 Rdc2 {Game drawn by mutual agreement}
1/2-1/2